 Dungeon Crawl Stone Soup version 0.31.0-4-g52a2dc7128 (webtiles) character file.

Game seed: 7129945636232149606

12308 Xpym the Toxicologist (level 11, -3/52 HPs)
             Began as a Spriggan Alchemist on Jan 21, 2024.
             Was an Initiate of Gozag.
             Slain by a five-headed hydra (6 damage)
             ... on level 2 of the Lair of Beasts.
             The game lasted 01:17:35 (14338 turns).

Xpym the Toxicologist (Spriggan Alchemist)         Turns: 14338, Time: 01:17:35

Health: -3/52      AC:  4    Str:  4    XL:     11   Next: 60%
Magic:  8/18       EV: 27    Int: 17    God:    Gozag
Gold:   1483       SH:  0    Dex: 20    Spells: 1/19 levels left

rFire   . . .        a - +6 rapier (drain)
rCold   + . .        (no shield)
rNeg    . . .        y - +2 robe {Will+}
rPois   .            (helmet restricted)
rElec   .            (no cloak)
rCorr   .            (gloves unavailable)
SInv    +            (boots unavailable)
Will    ++...        J - amulet of regeneration
Stlth   ++++         E - +5 ring of evasion
HPRegen 1.08/turn    C - ring of protection from cold
MPRegen 0.16/turn

%: no passive effects
@: very quick
A: very small, no large weapons, unfitting armour, see invisible, speed 3
a: Renounce Religion, Potion Petition, Call Merchant, Bribe Branch


You were on level 2 of the Lair of Beasts.
You worshipped Gozag.
Gozag was most pleased with you.
You visited 2 branches of the dungeon, and saw 10 of its levels.

You collected 2127 gold pieces.
You spent 210 gold pieces at shops.
You paid 434 gold pieces to Gozag.


Innate Abilities, Weirdness & Mutations

You are very small and have problems with some larger weapons.
You are too small for most types of armour.
You have supernaturally acute eyesight. (SInv)
You cover ground extremely quickly. (Speed+++)


   Skills:
 + Level 3.3 Fighting
 + Level 8.0 Short Blades
 + Level 7.3 Dodging
 - Level 9.0 Stealth
 - Level 4.5 Spellcasting
 - Level 4.0 Conjurations
 + Level 4.2 Translocations
 * Level 6.2 Fire Magic
 - Level 5.5 Air Magic
 * Level 9.4 Alchemy
 - Level 5.0 Evocations


You had one spell level left.
You knew the following spells:

 Your Spells              Type           Power      Damage    Failure   Level
m - Mephitic Cloud        Conj/Alch/Air  25%        N/A       3%          3
o - Olgreb's Toxic Radia  Alch           36%        N/A       3%          4
y - Sticky Flame          Fire/Alch      30%        2d7       6%          4
z - Sting                 Conj/Alch      100%       1d9       1%          1
X - Mercury Vapours       Alch/Air       58%        N/A       1%          2
Y - Iskenderun's Mystic   Conj/Tloc      17%        2d5       28%         4

Your spell library contained the following spells:

 Spells                   Type           Power      Damage    Failure   Level
 Passage of Golubria      Tloc           18%        N/A       26%         4
 Tukima's Dance           Hex            3%         N/A       41%         3
 Dimensional Bullseye     Hex/Tloc       5%         N/A       54%         4
 Silence                  Hex/Air        6%         N/A       80%         5
 Lehudib's Crystal Spear  Conj/Erth      5%         10d3      100%        8

Inventory:

Hand Weapons
 a - a +6 rapier of draining (weapon)
 b - a +0 sling
 c - a +1 dagger
 p - the +3 flail "Thing" {vamp, rF+}
   (You found it on level 3 of the Dungeon)

   rF+:       It protects you from fire.
Missiles
 h - a curare-tipped dart {@f1 =f}
 k - 94 stones
 l - a throwing net {=f}
 n - 26 poisoned darts (quivered) {@f2}
 s - 11 boomerangs
Armour
 y - a +2 robe of willpower (worn)
Magical Staves
 v - a staff of death
Jewellery
 C - a ring of protection from cold (right hand)
 E - a +5 ring of evasion (left hand)
 J - an amulet of regeneration (around neck)
 N - a ring of positive energy
 S - a +6 ring of strength
Talismans
 i - the serpent talisman of the Volcano {Fly rN++ Int+3 Dex+2}
   (You found it on level 4 of the Dungeon)

   [serpent talisman]

   Int+3:     It affects your intelligence (+3).
   Dex+2:     It affects your dexterity (+2).
   rN++:      It greatly protects you from negative energy.
   Fly:       It grants you flight.
Wands
 x - a wand of flame (18)
 z - a wand of charming (8)
 B - a wand of iceblast (8)
Scrolls
 d - a scroll of silence {unknown}
 f - a scroll of immolation {unknown}
 o - a scroll of vulnerability {unknown}
 r - a scroll of poison {unknown}
 u - 2 scrolls of blinking
 A - a scroll of enchant weapon
 D - 2 scrolls of enchant armour
 F - 2 scrolls of teleportation {@r2}
 G - 2 scrolls of acquirement {unknown}
Potions
 e - 2 potions of haste {@q3}
 g - 3 potions of enlightenment
 j - a potion of mutation
 m - 7 potions of curing {@q1}
 q - a potion of ambrosia
 t - 3 potions of magic
 w - 2 potions of invisibility
 H - 2 potions of berserk rage {unknown}
 I - a potion of might
 K - a potion of heal wounds {@q2}

Dungeon Overview and Level Annotations

Branches:
Dungeon (8/15)             Temple (0/1) D:6            Lair (2/5) D:8
  Swamp: Lair:2-3    Shoals: Lair:2-3     Snake: Lair:2-3    Spider: Lair:2-3

Altars:
Ashenzari
Fedhas
Gozag
Kikubaaqudgha
Okawaru
Xom
Zin

Shops:
D:6 (

Annotations:
D:3 Grinder
Lair:2 exclusions: black mamba and water moccasin, Nergalle

..####.........#.###.##......#
..# #.........#.# #..##.....##
..# #.......##..# #..###.....#
..## #......###..####.# #...###
...####....## ##.#..#.####..##
....#.#...## ##....#....##..##
.....#....## #......#..#.#..P#
...........# #..........###..###
.....###....###.@......#..##....#
....## #....##..D....########...#
...## ##...........#.# ##...###
...# #...........######.P..##
..## #............#.........##
.## #.^.....................# .#
###.......................# .###
#........................## .#.##
##.......................P#


You could see a five-headed hydra.


Message History

You begin to radiate toxic energy.
The five-headed hydra bites you. x2
The five-headed hydra closely misses you.
The five-headed hydra bites you!
The five-headed hydra closely misses you.
You take 22 damage, and have 30/52 hp.
MASSIVE DAMAGE!!
You now have 11/18 mp.
Casting: Olgreb's Toxic Radiance (dangerous; 3% risk of failure)
Confirm with . or Enter, or press ? or * to list all spells.
Aiming: Sticky Flame (dangerous; 6% risk of failure)
Press: ? - help, Shift-Dir - straight line, f - five-headed hydra
Aim: a five-headed hydra The sticky flame hits the five-headed hydra!
The five-headed hydra is lightly wounded.
Your toxic aura wanes.
The five-headed hydra burns!
The five-headed hydra closely misses you.
The five-headed hydra misses you.
The five-headed hydra barely misses you.
The five-headed hydra bites you!
* * * LOW HITPOINT WARNING * * *
The five-headed hydra misses you.
You take 13 damage, and have 17/52 hp.
MASSIVE DAMAGE!!
You now have 8/18 mp.
The five-headed hydra shakes off the sticky flame as it moves.
The five-headed hydra attacks as it pursues you!
The five-headed hydra closely misses you.
The five-headed hydra barely misses you.
The five-headed hydra bites you!
* * * LOW HITPOINT WARNING * * *
The five-headed hydra bites you.
You die...
Your body crumbles into a pile of gold.

Skill      XL: |  1  2  3  4  5  6  7  8  9 10 11 |
---------------+----------------------------------+-----
Conjurations   | 1 2 3 4 |  4.0
Spellcasting   | 3 4 |  4.5
Short Blades   | 1 2 3 4 5 6 7 8 |  8.0
Air Magic      | 1 2 3 4 5 |  5.5
Stealth        | 4 5 6 8 9 |  9.0
Alchemy        | 4 5 6 7 8 9 |  9.4
Fire Magic     | 1 2 3 4 5 6 |  6.2
Dodging        | 5 6 7 |  7.3
Evocations     | 4 5 |  5.0
Fighting       | 2 3 |  3.3
Translocations | 2 4 |  4.2

Action                     |  1- 3 |  4- 6 |  7- 9 | 10-12 || total
---------------------------+-------+-------+-------+-------++-------
  Melee: Dagger            |    15 |    48 |    58 |       ||   121
         Punch             |       |     1 |     3 |       ||     4
         Rapier            |       |       |    54 |   121 ||   175
   Fire: Sling             |       |     7 |    71 |    11 ||    89
  Throw: Stone             |     1 |     6 |       |       ||     7
         Dart              |       |     3 |    18 |     9 ||    30
   Cast: Sting             |    75 |   143 |   233 |    12 ||   463
         Mercury Vapours   |     6 |    12 |     6 |     1 ||    25
         Olgreb's Toxic Ra |       |       |     1 |    19 ||    20
         Mephitic Cloud    |       |       |    31 |    21 ||    52
         Sticky Flame      |       |       |       |    11 ||    11
 Invoke: Call Merchant     |       |       |     1 |       ||     1
  Evoke: Wand              |       |       |     4 |     1 ||     5
    Use: Scroll            |       |     7 |     9 |     3 ||    19
         Potion            |       |     2 |     2 |     1 ||     5
   Stab: Sleeping          |       |     4 |     3 |     6 ||    13
         Confused          |       |       |    12 |    23 ||    35
 Armour: Robe              |     3 |    28 |    62 |    24 ||   117
  Dodge: Dodged            |    28 |    88 |   185 |    97 ||   398

Levels and vault maps discovered:
D:1:      ldierk_walled_garden, layout_basic, st_stairs_8
D:2:      layout_loops_ring, ebering_ecumenical_altar_abandoned, basic_altar,
          minmay_misc_feat_chi, nicolae_underground_beach
D:3:      layout_rooms, okawaru_trees_1, minmay_crystal_room, uniq_grinder,
          uniq_natasha, uniq_robin
D:4:      layout_basic, chequers_avenue, dk_noncrumbling_2
D:5:      layout_rooms, fedhas_altar_fruit_tree, xom_teletrap_fun,
          ashenzari_conservatory_becter, uniq_eustachio
D:6:      layout_loops_ring, temple_statues, serial_park_tiny_pond,
          minmay_misc_feat_secret_circle, minivault_11
D:7:      layout_gridville, mainiacjoe_overflow_brackets
D:8:      layout_cave_pods, marbit_many_paths, erik_lair_orcish_takeover,
          nicolae_twisty_statue_hallways, uniq_psyche, uniq_joseph
Lair:1:   layout_regular_city, lemuel_fruit_fields
Lair:2:   beargit_carnivore_pack, layout_layer_cave, beast_lair_carwin_9,
          grunt_megastairs_1, uniq_nergalle

Notes
Turn   | Place    | Note
-------+----------+-------------------------------------------
     0 | D:1      | Xpym the Spriggan Alchemist began the quest for the Orb.
     0 | D:1      | Reached XP level 1. HP: 9/9 MP: 5/5
   157 | D:1      | Reached XP level 2. HP: 13/13 MP: 0/6
   163 | D:1      | Learned a level 2 spell: Mercury Vapours
   348 | D:1      | Reached skill level 1 in Conjurations
   383 | D:1      | Reached skill level 3 in Spellcasting
  1017 | D:2      | Found a faded altar of an unknown god.
  1081 | D:2      | Reached XP level 3. HP: 16/16 MP: 3/8
  1410 | D:2      | Found an opulent altar of Gozag.
  1450 | D:2      | Reached skill level 1 in Short Blades
  1517 | D:2      | Reached skill level 1 in Air Magic
  1698 | D:2      | Reached skill level 4 in Stealth
  1732 | D:2      | Reached XP level 4. HP: 21/21 MP: 7/9
  2382 | D:2      | Became a worshipper of Gozag Ym Sagoz the Greedy
  2450 | D:3      | Identified the +3 flail "Thing" {vamp, rF+}
  2493 | D:3      | Noticed Natasha
  2503 | D:3      | Killed Natasha
  2601 | D:3      | Reached XP level 5. HP: 24/24 MP: 3/11
  2712 | D:3      | Noticed Natasha
  2745 | D:3      | Noticed Robin
  2912 | D:3      | Killed Natasha
  2913 | D:3      | Reached skill level 2 in Short Blades
  2913 | D:3      | Reached skill level 4 in Alchemy
  2949 | D:3      | Noticed Natasha
  2956 | D:3      | Killed Natasha
  3098 | D:3      | Learned a level 3 spell: Mephitic Cloud
  3247 | D:3      | Found an iron altar of Okawaru.
  3303 | D:3      | Noticed Grinder
  3422 | D:4      | Reached XP level 6. HP: 28/28 MP: 12/12
  3426 | D:4      | Identified the serpent talisman of the Volcano {Fly rN++
                  | Int+3 Dex+2}
  3482 | D:4      | Reached skill level 5 in Stealth
  3482 | D:4      | Reached skill level 4 in Spellcasting
  3577 | D:4      | Reached skill level 2 in Conjurations
  3577 | D:4      | Reached skill level 2 in Air Magic
  3766 | D:4      | Learned a level 4 spell: Olgreb's Toxic Radiance
  4551 | D:5      | Entered Level 5 of the Dungeon
  4588 | D:5      | Found a broken altar of Ashenzari.
  4646 | D:5      | Noticed a water moccasin
  4969 | D:3      | Killed Robin
  5338 | D:5      | Found a blossoming altar of Fedhas.
  5361 | D:5      | Reached skill level 3 in Short Blades
  5361 | D:5      | Reached skill level 1 in Fire Magic
  5361 | D:5      | Reached XP level 7. HP: 32/32 MP: 7/14
  5421 | D:5      | Noticed Eustachio
  5479 | D:5      | Learned a level 4 spell: Sticky Flame
  5511 | D:5      | Found a shimmering altar of Xom.
  5795 | D:5      | Reached skill level 5 in Alchemy
  6146 | D:5      | You fall into a shaft and drop 3 floors!
  6162 | D:7      | Reached skill level 3 in Air Magic
  6217 | D:7      | Reached skill level 4 in Short Blades
  6217 | D:7      | Reached skill level 3 in Conjurations
  6217 | D:7      | Reached skill level 2 in Fire Magic
  6217 | D:7      | Reached XP level 8. HP: 24/36 MP: 3/15
  6802 | D:7      | Found an ancient bone altar of Kikubaaqudgha.
  7342 | D:7      | Reached skill level 6 in Alchemy
  7581 | D:6      | Reached skill level 4 in Air Magic
  7698 | D:6      | Reached skill level 3 in Fire Magic
  8132 | D:6      | Reached skill level 5 in Short Blades
  8348 | D:5      | Killed Eustachio
  8428 | D:6      | Reached XP level 9. HP: 39/39 MP: 10/16
  8820 | D:6      | Reached skill level 3 in Dodging
  8973 | D:6      | Found a staircase to the Ecumenical Temple.
  9114 | D:6      | Bought a runed rapier for 210 gold pieces
  9152 | D:8      | Noticed Joseph
  9162 | D:8      | Killed Joseph
  9163 | D:8      | Reached skill level 4 in Conjurations
  9355 | D:8      | Noticed Psyche
  9381 | D:7      | Reached skill level 5 in Air Magic
  9497 | D:7      | Reached skill level 4 in Dodging
  9614 | D:8      | Reached skill level 7 in Alchemy
  9688 | D:8      | Reached skill level 6 in Short Blades
  9892 | D:8      | Killed Psyche
  9893 | D:8      | Reached skill level 4 in Fire Magic
 10467 | D:8      | Found a staircase to the Lair.
 10606 | D:8      | Reached skill level 6 in Stealth
 10618 | D:8      | Reached skill level 5 in Dodging
 10970 | D:8      | Reached XP level 10. HP: 39/44 MP: 14/17
 11000 | D:8      | Found a glowing silver altar of Zin.
 11203 | Lair:1   | Entered Level 1 of the Lair of Beasts
 11228 | Lair:1   | Reached skill level 1 in Evocations
 11259 | Lair:1   | Noticed a black mamba
 11271 | Lair:1   | Killed a black mamba
 11384 | Lair:1   | Reached skill level 1 in Fighting
 11656 | Lair:1   | Reached skill level 2 in Evocations
 11728 | Lair:1   | Reached skill level 7 in Stealth
 11739 | Lair:1   | Reached skill level 7 in Short Blades
 11787 | Lair:1   | Reached skill level 3 in Evocations
 11941 | Lair:1   | Reached skill level 6 in Dodging
 12004 | Lair:1   | Reached skill level 2 in Fighting
 12004 | Lair:1   | Reached skill level 8 in Alchemy
 12013 | Lair:1   | HP: 4/46 [poisoned by a water moccasin]
 12205 | Lair:1   | Learned a level 4 spell: Iskenderun's Mystic Blast
 12277 | Lair:1   | Noticed a cane toad
 12511 | Lair:1   | Reached skill level 5 in Fire Magic
 12544 | Lair:2   | Reached skill level 1 in Translocations
 12551 | Lair:2   | Noticed a cane toad
 12556 | Lair:2   | Noticed a five-headed hydra
 12766 | Lair:2   | Noticed a black mamba
 12872 | Lair:2   | Reached skill level 4 in Evocations
 12894 | Lair:2   | Reached skill level 8 in Stealth
 12894 | Lair:2   | Reached skill level 2 in Translocations
 12947 | Lair:2   | Reached XP level 11. HP: 37/51 MP: 14/18
 13194 | Lair:2   | Reached skill level 3 in Translocations
 13409 | Lair:2   | Noticed Nergalle
 13452 | Lair:2   | Reached skill level 7 in Dodging
 13452 | Lair:2   | Reached skill level 9 in Alchemy
 13463 | Lair:2   | Reached skill level 3 in Fighting
 13767 | Lair:2   | Reached skill level 6 in Fire Magic
 13767 | Lair:2   | Reached skill level 5 in Evocations
 14228 | Lair:2   | Reached skill level 4 in Translocations
 14257 | Lair:2   | Reached skill level 8 in Short Blades
 14257 | Lair:2   | Reached skill level 9 in Stealth
 14338 | Lair:2   | HP: 3/52 [five-headed hydra (15)]
 14338 | Lair:2   | Slain by a five-headed hydra

Vanquished Creatures
  Joseph (D:8)
  3 black mambas
  2 cane toads (Lair:2)
  6 komodo dragons
  A rime drake (Lair:2)
  Psyche (D:8)
  A polar bear (Lair:2)
  A wyvern (D:7)
  24 yaks
  Eustachio (D:5)
  A basilisk (Lair:2)
  An acid dragon (D:8)
  8 water moccasins
  An orc warrior (D:8)
  2 sky beasts
  An ogre (D:5)
  11 wolves
  2 phantoms (D:5)
  A kobold brigand (D:7)
  7 bullfrogs
  5 scorpions
  3 wights
  6 killer bees (D:7)
  3 hounds
  5 orc priests
  A gnoll bouda (D:6)
  4 iguanas
  A sleepcap (D:7)
  Natasha (thrice) (D:3)
  4 orc wizards
  Robin (D:3)
  8 gnolls
  7 adders
  2 white imps
  4 ufetubi
  2 dart slugs (D:1)
  2 ribbon worms
  28 orcs
  5 ball pythons
  7 endoplasms
  4 giant cockroaches
  12 goblins
  12 hobgoblins
  6 jackals
  6 quokkas
  4 bats
  4 frilled lizards
  14 kobolds
  A rat (D:2)
240 creatures vanquished.

Table legend: (Time is in decaauts)
 A = Elapsed time spent in this place.
 B = Non-inter-level travel time spent in this place.
 C = Inter-level travel time spent in this place.
 D = Time resting spent in this place.
 E = Time spent auto-exploring this place.
 F = Levels seen in this place.
 G = Mean time per level.
                   A        B        C        D        E       F      G
               +--------+--------+--------+--------+--------+-----+--------+
         Total |  11129 |  10282 |    847 |   1463 |   6291 |  10 | 1112.9 |
       Dungeon |   8725 |   7994 |    731 |   1229 |   4815 |   8 | 1090.6 |
          Lair |   2403 |   2287 |    116 |    234 |   1475 |   2 | 1201.5 |
               +--------+--------+--------+--------+--------+-----+--------+

Top non-repeatable levels by time:
     D:7: 1844 daAuts
  Lair:2: 1254 daAuts
  Lair:1: 1148 daAuts
     D:2: 1146 daAuts
     D:3: 1036 daAuts
     D:4: 1035 daAuts
     D:6: 959 daAuts
     D:8: 932 daAuts
     D:5: 904 daAuts
     D:1: 867 daAuts

Table legend:
 A = Non-vault XP
 B = Vault XP
 C = Vault XP percentage of total XP
 D = Non-vault monster count
 E = Vault monster count
 F = Vault count percentage of total count
                 A         B        C        D         E       F
            +---------+---------+-------+---------+---------+-------
      Total |   12766 |    4817 |  27.4 |     203 |      37 |  15.4
            +---------+---------+-------+---------+---------+-------
        D:1 |      38 |       2 |   5.0 |      20 |       1 |   4.8
        D:2 |      98 |       3 |   3.0 |      28 |       2 |   6.7
        D:3 |     113 |      66 |  36.9 |      18 |      10 |  35.7
        D:4 |     243 |       0 |   0.0 |      14 |       0 |   0.0
        D:5 |     589 |     188 |  24.2 |      13 |       1 |   7.1
        D:6 |     709 |       0 |   0.0 |      23 |       0 |   0.0
        D:7 |    1493 |       0 |   0.0 |      35 |       0 |   0.0
        D:8 |     540 |    1519 |  73.8 |       8 |      12 |  60.0
     Lair:1 |    3388 |       0 |   0.0 |      18 |       0 |   0.0
     Lair:2 |    5555 |    3039 |  35.4 |      26 |      11 |  29.7
            +---------+---------+-------+---------+---------+-------
